 Dungeon Crawl Stone Soup version 0.29-a0-106-g0a07039d5a (webtiles) character file.

Game seed: 12584231978013250175

658 YayAnonymity the Sneak (level 7, 0/41 HPs)
             Began as an Octopode Enchanter on Feb 16, 2022.
             Was an Initiate of Dithmenos.
             Slain by an elf zombie (7 damage)
             ... on level 5 of the Dungeon.
             The game lasted 00:11:53 (5945 turns).

YayAnonymity the Sneak (Octopode Enchanter)         Turns: 5945, Time: 00:11:54

Health: 0/41       AC:  1    Str:  7    XL:     7   Next: 55%
Magic:  8/13       EV: 13    Int: 17    God:    Dithmenos [......]
Gold:   131        SH:  0    Dex: 15    Spells: 12/14 levels left

rFire   . . .      SeeInvis .   a - +0 dagger (speed)
rCold   . . .      Faith    .   (no shield)
rNeg    . . .      Spirit   .   (helmet restricted)
rPois   +          Reflect  .   (no amulet)
rElec   .          Harm     .   o - ring of poison resistance
rCorr   .          Rampage  .   (no ring)
Will    .....                   (no ring)
Stlth   ++++......              (no ring)
HPRegen 0.13/turn               (no ring)
MPRegen 0.13/turn               (no ring)
                                (no ring)
                                (no ring)

@: no status effects
A: almost no armour, amphibious, 8 rings, camouflage 1, gelatinous body 1,
(nimble swimmer 1), tentacles
a: Renounce Religion


You were on level 5 of the Dungeon.
You worshipped Dithmenos.
Dithmenos was noncommittal.
You visited 2 branches of the dungeon, and saw 6 of its levels.

You collected 131 gold pieces.

Inventory:

Hand Weapons
 a - a +0 dagger of speed (weapon)
Missiles
 d - 125 stones
 m - 11 poisoned darts (quivered)
Jewellery
 o - a ring of poison resistance (left tentacle)
 r - a ring of positive energy
 t - a ring of protection from cold
Scrolls
 e - 4 scrolls of identify
 h - 2 scrolls of magic mapping
 i - a scroll of teleportation {unknown}
 j - a scroll of enchant armour {unknown}
 n - a scroll of vulnerability {unknown}
Potions
 b - a potion of invisibility
 c - a potion of haste {unknown}
 f - 3 potions of degeneration {unknown}
 g - a potion of mutation {unknown}
 k - 6 potions of flight {unknown}
 l - 2 potions of heal wounds {unknown}
 p - a potion of lignification {unknown}
 s - a potion of ambrosia {unknown}
 u - a potion of might {unknown}


   Skills:
 + Level 4.0 Short Blades
 - Level 2.0 Dodging
 + Level 7.0 Stealth
 - Level 4.0 Spellcasting
 - Level 5.0 Hexes


You had 12 spell levels left.
You knew the following spells:

 Your Spells              Type           Power      Damage    Failure   Level
a - Ensorcelled Hibernat  Hex/Ice        22%        N/A       9%          2

Your spell library contained the following spells:

 Spells                   Type           Power      Damage    Failure   Level
 Confusing Touch          Hex            20%        N/A       6%          3
 Tukima's Dance           Hex            20%        N/A       6%          3
 Dazzling Flash           Conj/Hex       22%        N/A       17%         3
 Animate Dead             Necr           1%         N/A       83%         4
 Silence                  Hex/Air        5%         N/A       83%         5
 Agony                    Necr           3%         N/A       99%         5
 Borgnjor's Vile Clutch   Necr/Erth      1%         N/A       99%         5
 Death Channel            Necr           1%         N/A       100%        6


Dungeon Overview and Level Annotations

Branches:
Dungeon (5/15)             Temple (1/1) D:4

Altars:
Ashenzari
Dithmenos
Elyvilon
Fedhas
Gozag
Nemelex Xobeh
Ru
Vehumet
Wu Jian
Xom
Yredelemnul
The Shining One

Shops:
D:3 ([=

Annotations:
D:3 exclusion: door


Innate Abilities, Weirdness & Mutations

You cannot wear most types of armour.
You are amphibious.
You can wear up to eight rings at the same time.
Your skin changes colour to match your surroundings (Stealth+).
Your rubbery body absorbs attacks. (AC +1, EV +1)
((You are camouflaged when in or above water. (Stealth+)))
You have tentacles for arms and can constrict up to eight enemies at once.


Message History

You hit the gnoll but do no damage.
The gnoll is heavily wounded.
You constrict the elf zombie, but do no damage.
You constrict the gnoll. The gnoll barely misses you.
The gnoll shaman hits you with a +0 whip.
The elf zombie hits you but does no damage.
You hit the gnoll but do no damage. You squeeze the gnoll.
You kill the gnoll!
Dithmenos accepts your kill.
You constrict the elf zombie.
You hit the elf zombie but do no damage.
You squeeze the elf zombie.
The elf zombie is lightly damaged.
You constrict the elf zombie. The gnoll shaman barely misses you.
The elf zombie misses you.
You completely miss the gnoll. Your grab misses the gnoll.
You constrict the elf zombie.
Casting: Ensorcelled Hibernation (safe; 9% risk of failure)
Confirm with . or Enter, or press ? or * to list all spells.
Aiming: Ensorcelled Hibernation (safe; 9% risk of failure)
Press: ? - help, Shift-Dir - straight line, f - gnoll
Aim: a gnoll, wielding a +0 whip (chance to affect: 53%)
The gnoll resists with significant effort.
You constrict the elf zombie. The gnoll hits you with a +0 whip.
The gnoll shaman closely misses you. The elf zombie hits you.
* * * LOW HITPOINT WARNING * * *
You hit the gnoll. Your grab misses the gnoll.
The gnoll is moderately wounded.
You constrict the elf zombie. The gnoll shaman closely misses you.
The gnoll misses you.
Blink to where?
Press: ? - help, Dir - move target, p - gnoll You lose your grip on the elf zombie.
As you read the scroll of blinking, it crumbles to dust.
The gnoll shaman calls upon its god to heal the gnoll.
The gnoll's wounds heal themselves!
You open the door. The elf zombie hits you.
* * * LOW HITPOINT WARNING * * *
The elf zombie hits you!
You die...

#.........*,,,,,,,* *,*
#..h......,,***,,,* *,*
#.......*********,* *,*
#......,*,*,*∩+,*,* ***,*
*...g##**+#+#+#**,* *,,,*
########...###,+...+,*,*****,****
.......'.....#*#...#**,,,,,,,,,,>
.#######...###,+...+,*,**********
..# #....g###@#+***,* ..#
#...#gggZ.#,+,*** ..#
#...#######**** ..# ##### ..# .##
.# .# .#


You could see a gnoll shaman, 2 gnolls and an elf zombie.

Vanquished Creatures
  A kobold demonologist (D:4)
  A phantom (D:4)
  2 iguanas
  Natasha (thrice) (D:2)
  6 gnolls
  8 adders
  An adder skeleton (D:4)
  A worm (D:2)
  An orc (D:3)
  7 ball pythons
  7 endoplasms
  9 giant cockroaches
  9 goblins
  3 hobgoblins
  4 kobolds
  4 quokkas
  4 bats
  2 frilled lizards (D:1)
  2 rats (D:1)
  2 bushes (D:1)
77 creatures vanquished.

Notes
Turn   | Place    | Note
-------+----------+-------------------------------------------
     0 | D:1      | YayAnonymity the Octopode Enchanter began the quest for the
                  | Orb.
     0 | D:1      | Reached XP level 1. HP: 11/11 MP: 3/3
   560 | D:1      | Reached XP level 2. HP: 17/17 MP: 5/5
   974 | D:1      | Found a faded altar of an unknown god.
  1961 | D:2      | Noticed Natasha
  1962 | D:2      | Killed Natasha
  1963 | D:2      | Reached XP level 3. HP: 21/21 MP: 6/6
  2080 | D:2      | Reached XP level 4. HP: 24/27 MP: 7/7
  2087 | D:2      | Learned a level 2 spell: Ensorcelled Hibernation
  2236 | D:2      | Reached skill level 5 in Stealth
  2370 | D:2      | Noticed Natasha
  2418 | D:2      | Killed Natasha
  2700 | D:2      | Noticed Natasha
  2707 | D:2      | Killed Natasha
  2708 | D:2      | Reached XP level 5. HP: 23/31 MP: 9/9
  2787 | D:2      | Found a shimmering altar of Xom.
  3768 | D:3      | Found an ornate altar of the Wu Jian Council.
  3894 | D:3      | Found Heurghute's Jewellery Emporium.
  4014 | D:3      | Found a broken altar of Ashenzari.
  4015 | D:3      | Noticed a black bear
  4109 | D:3      | Reached XP level 6. HP: 36/36 MP: 10/10
  4302 | D:3      | Found Icloir's Antique Armour Emporium.
  4391 | D:3      | Found Tarridgh's Antique Weapon Shop.
  4701 | D:4      | Reached skill level 6 in Stealth
  5228 | D:4      | You fall into a shaft and drop 1 floor!
  5228 | D:5      | Entered Level 5 of the Dungeon
  5228 | D:5      | Noticed a kobold demonologist
  5255 | D:5      | Noticed an ice devil
  5259 | D:4      | Noticed a ynoxinul
  5262 | D:4      | Noticed a soul eater
  5264 | D:4      | Killed a kobold demonologist
  5265 | D:4      | Reached XP level 7. HP: 9/41 MP: 3/13
  5507 | D:4      | Found a staircase to the Ecumenical Temple.
  5535 | D:4      | Reached skill level 7 in Stealth
  5535 | D:4      | Reached skill level 5 in Hexes
  5544 | Temple   | Entered the Ecumenical Temple
  5679 | Temple   | Became a worshipper of Dithmenos the Shadowed
  5945 | D:5      | Slain by an elf zombie

Illustrated notes

Levels and vault maps discovered:
D:1:      mrwooster_arrival_arrow, layout_loops_ring,
          shapermc_ecumenical_altar_mp_vishouse, serial_forest,
          infiniplex_forest_lined_room_3, infiniplex_forest_side_room,
          infiniplex_forest_clump_long, infiniplex_forest_end_1,
          infiniplex_forest_clump_tiny, infiniplex_forest_end_double
D:2:      layout_loops_cross, basic_altar, minmay_fractal_squares_5,
          uniq_natasha
D:3:      layout_loops_ring, nicolae_ashenzari_panopticon, lemuel_tele_altar,
          serial_shops, nicolae_square_shop, shop, shop_statue
D:4:      layout_loops_ring, lemuel_round_altar, minmay_temple_entry_tees,
          ebering_ghost_rock_garden
D:5:      layout_basic, worldfamousw_hep_ancestral_shrine,
          nicolae_ossuary_entry_catacombs, hangedman_minor_gate_pass
Temple:   jpeg_temple_alley_garden

Skill      XL: |  1  2  3  4  5  6  7 |
---------------+----------------------+-----
Short Blades   | 2 3 4 |  4.0
Stealth        | 5 6 7 |  7.0
Spellcasting   | 3 4 |  4.0
Hexes          | 4 5 |  5.0
Dodging        | |  2.0

Action                   |  1- 3 |  4- 6 |  7- 9 || total
-------------------------+-------+-------+-------++-------
Melee: Dagger            |   423 |   140 |    15 ||   578
       Constrict         |    11 |    20 |     2 ||    33
       Tentacles         |   148 |    28 |     5 ||   181
       Punch             |    12 |     2 |       ||    14
Throw: Dart              |       |     2 |       ||     2
       Stone             |       |     1 |       ||     1
 Cast: Ensorcelled Hiber |       |     8 |     9 ||    17
  Use: Scroll            |       |       |     4 ||     4
 Stab: Sleeping          |     8 |    20 |     5 ||    33
Armor: Skin              |     4 |    10 |     2 ||    16
Dodge: Dodged            |    14 |    59 |    12 ||    85

Table legend: (Time is in decaauts)
 A = Elapsed time spent in this place.
 B = Non-inter-level travel time spent in this place.
 C = Inter-level travel time spent in this place.
 D = Time resting spent in this place.
 E = Time spent auto-exploring this place.
 F = Levels seen in this place.
 G = Mean time per level.
                   A        B        C        D        E       F      G
               +--------+--------+--------+--------+--------+-----+--------+
         Total |   5853 |   5470 |    383 |   1088 |   3099 |   6 |  975.5 |
       Dungeon |   5537 |   5206 |    331 |   1088 |   2857 |   5 | 1107.4 |
        Temple |    315 |    263 |     52 |      0 |    242 |   1 |  315.0 |
               +--------+--------+--------+--------+--------+-----+--------+

Top non-repeatable levels by time:
     D:1: 2102 daAuts
     D:2: 1534 daAuts
     D:3: 1267 daAuts
     D:4: 532 daAuts
  Temple: 315 daAuts
     D:5: 101 daAuts
